 Dungeon Crawl Stone Soup version 0.27.1-35-g4d5d836560 (webtiles) character file.

Game seed: 8332383522794356001

64 Delamore the Sneak (level 4, -20/29 HPs)
             Began as an Octopode Brigand on Apr 17, 2022.
             Killed by an exploding dream sheep (49 damage)
             ... ignited by their inner flame
             ... on level 3 of the Dungeon.
             The game lasted 00:01:28 (1749 turns).

Delamore the Sneak (Octopode Brigand)               Turns: 1749, Time: 00:01:29

Health: -20/29     AC:  1    Str: 10    XL:     4   Next: 12%
Magic:  4/4        EV: 12    Int: 13    God:
Gold:   73         SH:  0    Dex: 14    Spells: 3/3 levels left

rFire    . . .     SeeInvis .   f - +2 short sword (venom)
rCold    . . .     Faith    .   (no shield)
rNeg     . . .     Spirit   .   (helmet restricted)
rPois    .         Reflect  .   (no amulet)
rElec    .         Harm     .   (no ring)
rCorr    .         Rampage  .   (no ring)
Will     .....                  (no ring)
Stlth    ++++......             (no ring)
HPRegen  0.09/turn              (no ring)
MPRegen  0.09/turn              (no ring)
                                (no ring)
                                (no ring)

@: no status effects
A: almost no armour, amphibious, 8 rings, camouflage 1, gelatinous body 1,
(nimble swimmer 1), tentacles
a: no special abilities


You were on level 3 of the Dungeon.
You visited 1 branch of the dungeon, and saw 3 of its levels.

You collected 73 gold pieces.

Inventory:

Hand Weapons
 a - a +2 dagger
 f - a +2 short sword of venom (weapon)
Missiles
 b - 8 poisoned darts (quivered)
 c - 2 curare-tipped darts
 h - 8 boomerangs
Scrolls
 d - a scroll of blinking {unknown}
 i - a scroll of enchant weapon {unknown}
 j - a scroll of identify {unknown}
 k - a scroll of fog {unknown}
 l - a scroll of immolation {unknown}
 m - a scroll of summoning {unknown}
Potions
 e - a potion of magic {unknown}
 g - a potion of haste {unknown}
 n - a potion of heal wounds {unknown}


   Skills:
 - Level 2.0 Fighting
 * Level 3.6 Short Blades
 - Level 2.0 Throwing
 - Level 1.0 Dodging
 + Level 6.1 Stealth


You had 3 spell levels left.
You didn't know any spells.
Your spell library was empty.

Dungeon Overview and Level Annotations

Branches:
Dungeon (3/15)

Altars:
Fedhas
Xom


Innate Abilities, Weirdness & Mutations

You cannot wear most types of armour.
You are amphibious.
You can wear up to eight rings at the same time.
Your skin changes colour to match your surroundings (Stealth+).
Your rubbery body absorbs attacks. (AC +1, EV +1)
((You are camouflaged near water. (Stealth+)))
You have tentacles for arms and can constrict up to eight enemies at once.


Message History

No target in view!
No target in view!
No target in view!
You now have 73 gold pieces (gained 14).
You see here a ball python corpse.
Found a chain mail.
Found a murky pink potion.
n - a murky pink potion No target in view!
Found a stone staircase leading down.
You open the door.
The walls suddenly crumble! 5 dream sheep come into view.
A dream sheep catches fire!
A frightened dream sheep leaps away.
A dream sheep catches fire!
The dream sheep panics and turns to flee.
A dream sheep catches fire!
The dream sheep bleats in terror.
A dream sheep catches fire!
The dream sheep panics and turns to flee.
A dream sheep catches fire!
A frightened dream sheep leaps away.
You hear mad divine giggling.
Found a shimmering altar of Xom.
There are monsters nearby!
The dream sheep burns! x5
The dream sheep burns! x5
The dream sheep bleats! x2
You hit the dream sheep but do no damage.
Your attack snaps the dream sheep out of its fear.
You grab the dream sheep.
Flame seeps out of the dream sheep.
You squeeze the dream sheep.
The dream sheep is severely wounded.
You constrict the dream sheep, but do no damage.
The dream sheep burns! x5
The dream sheep is engulfed in blazing flames.
The dream sheep explodes!
The fiery explosion engulfs you!!!
Ouch! That really hurt!
You die...

......#.#.#..######.#..#
..........#.># #.#..#
.............# #.#..#
.##...#.###..# #...[#
#.#.#.###..# #...##
#..........## #...8#
.##............. ....##
.............### #
.##....@§...##
.......§○§..#
##.....YY...#
#.............
#....Y..Y.....
#...........#8 #
############# ## #. #.


You could see 4 dream sheep.

Vanquished Creatures
  3 adders
  A worm (D:2)
  A dart slug (D:2)
  An orc (D:3)
  6 ball pythons
  4 endoplasms
  A giant cockroach (D:1)
  4 goblins
  A hobgoblin (D:2)
  2 kobolds
  4 bats
  A frilled lizard (D:2)
29 creatures vanquished.

Vanquished Creatures (others)
  A dream sheep (D:3)
1 creature vanquished.

Grand Total: 30 creatures vanquished

Notes
Turn   | Place    | Note
-------+----------+-------------------------------------------
     0 | D:1      | Delamore the Octopode Brigand began the quest for the Orb.
     0 | D:1      | Reached XP level 1. HP: 14/14 MP: 1/1
    78 | D:1      | You fall into a shaft and drop 1 floor!
    97 | D:2      | Reached XP level 2. HP: 19/19 MP: 2/2
   479 | D:2      | Found a faded altar of an unknown god.
   507 | D:2      | Reached XP level 3. HP: 22/24 MP: 3/3
   873 | D:2      | Reached skill level 6 in Stealth
  1567 | D:3      | Found a blossoming altar of Fedhas.
  1594 | D:3      | Reached XP level 4. HP: 29/29 MP: 4/4
  1746 | D:3      | Noticed a dream sheep
  1746 | D:3      | Noticed a dream sheep
  1746 | D:3      | Noticed a dream sheep
  1746 | D:3      | Noticed a dream sheep
  1746 | D:3      | Noticed a dream sheep
  1746 | D:3      | Found a shimmering altar of Xom.
  1749 | D:3      | Killed a dream sheep
  1749 | D:3      | Killed by an exploding dream sheep... ignited by their
                  | inner flame

Illustrated notes

Levels and vault maps discovered:
D:1:      dpeg_arrival_fog, layout_rooms, minivault_26
D:2:      layout_basic, ebering_ecumenical_altar_ruins, fountainhead,
          kennysheep_pointless_box, minmay_unequal
D:3:      layout_basic, nicolae_gozag_seed_capital, mainiacjoe_overflow_paths,
          kb_xom_exploding_sheep, serial_corexii_hall, corexii_hall_statues_x,
          chequers_hall_statues_corner_a, kennysheep_generic_room_4

Skill      XL: |  1  2  3 |
---------------+----------+-----
Short Blades   | 3 |  3.6
Stealth        | 6 |  6.1
Fighting       | |  2.0
Throwing       | |  2.0
Dodging        | |  1.0

Action                   |  1- 3 |  4- 6 || total
-------------------------+-------+-------++-------
Melee: Dagger            |     4 |       ||     4
       Short sword       |    31 |    10 ||    41
       Constrict         |     7 |     3 ||    10
       Tentacles         |     3 |     2 ||     5
Throw: Dart              |     2 |       ||     2
 Stab: Sleeping          |    12 |     2 ||    14
Armor: Skin              |     1 |       ||     1
Dodge: Dodged            |    15 |     7 ||    22
